 Dungeon Crawl Stone Soup version 0.17.0-28-g6e173f8 (webtiles) character file.

525 DeXoteric the Chopper (level 7, 0/64 HPs)
             Began as a Deep Dwarf Fighter on Nov 24, 2015.
             Slain by an ogre
             ... wielding a +0 giant club
              (24 damage)
             ... on level 4 of the Dungeon.
             The game lasted 00:09:54 (2918 turns).

DeXoteric the Chopper (Deep Dwarf Fighter)          Turns: 2918, Time: 00:09:54

Health: 0/64       AC:  5    Str: 22    XL:     7   Next: 2%
Magic:  5/5        EV:  8    Int:  8    God:
Gold:   124        SH: 10    Dex: 12    Spells: 0 memorised, 6 levels left

rFire  + . .     SeeInvis .     a - +0 war axe
rCold  + . .     Clarity  .     m - +0 ring mail {rC+}
rNeg   . . .     SustAt   .     c - +0 shield
rPois  .         Gourm    .     (no helmet)
rElec  .         Spirit   .     (no cloak)
rCorr  .         Warding  .     (no gloves)
rMut   .         Stasis   .     (no boots)
MR     +....                    (no amulet)
Stlth  +.........               (no ring)
                                u - ring of protection from fire

@: non-regenerating, somewhat resistant to hostile enchantments, very unstealthy
A: damage resistance, recharge devices, sense surroundings 1, slow regeneration
3
a: Device Recharging


You were on level 4 of the Dungeon.
You were not hungry.

You visited 1 branch of the dungeon, and saw 4 of its levels.

You collected 146 gold pieces.
You spent 22 gold pieces at shops.

Inventory:

Hand Weapons
 a - a +0 war axe (weapon)
Armour
 b - a +0 scale mail
 c - a +0 shield (worn)
 m - a +0 ring mail of cold resistance (worn)
Jewellery
 u - a ring of protection from fire (left hand)
Wands
 v - a wand of heal wounds (6)
Scrolls
 e - 2 scrolls of enchant armour {unknown}
 h - 2 scrolls of fog {unknown}
 i - 3 scrolls of identify
 k - a scroll of blinking {unknown}
 n - a scroll of teleportation {unknown}
 o - 4 scrolls of remove curse {unknown}
 q - a scroll of recharging {unknown}
 t - a scroll of random uselessness {unknown}
 w - a scroll of magic mapping {unknown}
 x - 2 scrolls of noise {unknown}
Potions
 d - a potion of might
 j - a potion of brilliance {unknown}
 p - 3 potions of curing
 s - a potion of cancellation {unknown}
Comestibles
 f - 4 bread rations
 g - 8 chunks of flesh
 l - a slice of pizza
 r - 2 meat rations


   Skills:
 + Level 4.3 Fighting
 * Level 6.0 Axes
 - Level 3.2 Armour
 + Level 5.2 Shields


You had 6 spell levels left.
You didn't know any spells.

Dungeon Overview and Level Annotations

Branches:
Dungeon (4/15)
 Temple: D:4-7

Altars:
Dithmenos
Trog

Shops:
D:4 %*[


Innate Abilities, Weirdness & Mutations

You are resistant to damage.
You can recharge devices by infusing magical energy.
You passively map a small area around you.
You do not regenerate naturally.


Message History

a dagger; an animal skin
Found Hiohuq's Armour Boutique.
Found a leather armour.
Found a stone staircase leading down.
An ogre comes into view. It is wielding a giant club.
The ogre shouts!
You barely miss the ogre. The ogre hits you with a giant club!
* * * LOW HITPOINT WARNING * * *
Evoke which item? (* to show all) (? for menu, Esc to quit)
Zapping:
v - a wand of heal wounds (7)
Press: ? - help, Shift-Dir - straight line, f - you You feel much better.
This wand has 6 charges left.
The ogre hits you with a giant club!!
You hit the ogre.
The ogre is lightly wounded.
The ogre hits you with a giant club!
* * * LOW HITPOINT WARNING * * *
You hit the ogre.
The ogre is lightly wounded.
The ogre hits you with a giant club!!
You die...

.##8.8.8# #≈≈∩≈≈# * *#.#
.......####≈≈≈≈≈# #.#
...........#≈≈≈.######.####
...#######.###..#.........#
..8######........._..#..#.#
...........###..#....##.#.#
...#######......#######.#.#
..∩#### ######.########.#.#
......##.......Og...##....###
......##.......####.........#
.(8...##.......# ####....#.#
......##.......# ##.#.#.#
......##....>[.# #.#.#.#
......##.......# #.#.#.####
......##.......# #.#.#....#
###.### ###.#.., #.#.#....#
###.# #.#.##...#


You could see an ogre.

Vanquished Creatures
  3 ogres (D:4)
  A scorpion (D:3)
  An orc wizard (D:4)
  A worker ant (D:4)
  An orc priest (D:4)
  4 adders (D:2)
  2 oozes
  A worm (D:4)
  6 giant geckos
  7 orcs (D:4)
  3 giant cockroaches
  10 hobgoblins
  6 jackals
  7 kobolds
  A ball python (D:1)
  5 bats
  2 giant newts (D:1)
  6 goblins
  7 rats
74 creatures vanquished.

Notes
Turn   | Place    | Note
--------------------------------------------------------------
     0 | D:1      | DeXoteric the Deep Dwarf Fighter began the quest for the Orb.
     0 | D:1      | Reached XP level 1. HP: 20/20 MP: 1/1
   207 | D:1      | Reached XP level 2. HP: 18/27 MP: 2/2
  1044 | D:2      | Reached XP level 3. HP: 22/33 MP: 3/3
  1359 | D:2      | Reached XP level 4. HP: 19/42 MP: 4/4
  1528 | D:2      | Reached skill level 4 in Shields
  1607 | D:2      | Found a shadowy altar of Dithmenos.
  1950 | D:3      | Reached XP level 5. HP: 37/49 MP: 5/5
  2464 | D:4      | Found Teihos's Food Boutique.
  2474 | D:4      | Found Xaiclot's General Store.
  2482 | D:4      | Bought a scroll of identify for 22 gold pieces
  2707 | D:4      | Noticed an ogre
  2746 | D:4      | Killed an ogre
  2746 | D:4      | Reached skill level 5 in Axes
  2746 | D:4      | Reached XP level 6. HP: 9/57 MP: 6/6
  2791 | D:4      | Noticed an ogre
  2797 | D:4      | Killed an ogre
  2797 | D:4      | Reached skill level 5 in Shields
  2817 | D:4      | Noticed an ogre
  2846 | D:4      | Killed an ogre
  2846 | D:4      | Reached skill level 6 in Axes
  2846 | D:4      | Reached XP level 7. HP: 39/64 MP: 6/6
  2898 | D:4      | Found a bloodstained altar of Trog.
  2904 | D:4      | Found Hiohuq's Armour Boutique.
  2908 | D:4      | Noticed an ogre
  2918 | D:4      | Slain by an ogre

Action                   |  1- 3 |  4- 6 |  7- 9 || total
-------------------------+-------+-------+-------++-------
Melee: War axe           |   102 |   149 |     7 ||   258
 Abil: Device Recharging |       |     1 |     1 ||     2
Evoke: Wand              |       |     6 |     1 ||     7
  Use: Scroll            |       |     2 |       ||     2
  Eat: Chunk             |     2 |     5 |       ||     7
